 Dungeon Crawl Stone Soup version 0.30.1-4-g462c640d31 (webtiles) character file.

Game seed: 2728601713411365730

835 hawla the Firebug (level 8, -1/58 HPs)
             Began as a Meteoran Fire Elementalist on Aug 26, 2023.
             Slain by Duvessa
             ... wielding a +2 short sword of flaming
              (15 damage)
             ... on level 5 of the Dungeon.
             The game lasted 00:06:38 (1134 turns).

hawla the Firebug (Meteoran Fire Elementalist)      Turns: 1134, Time: 00:06:38

Health: -1/58      AC:  2    Str: 10    XL:     8   Next: 42%
Magic:  11/16      EV:  9    Int: 19    God:
Gold:   103        SH:  0    Dex: 14    Spells: 10/17 levels left

rFire   . . .        e - +0 whip
rCold   . . .        (no shield)
rNeg    . . .        a - +0 robe
rPois   +            (no helmet)
rElec   .            (no cloak)
rCorr   .            (no gloves)
SInv    .            (no boots)
Will    +....        (no amulet)
Stlth   +            j - +4 ring of slaying
HPRegen 0.29/turn    c - ring of poison resistance
MPRegen 0.15/turn

%: no passive effects
@: grasped by roots, glowing, constricted
A: sense surroundings 1, otherworldly, glowing, explore regen
a: no special abilities


You were on level 5 of the Dungeon.
You visited 1 branch of the dungeon, and saw 5 of its levels.

You collected 103 gold pieces.

Inventory:

Hand Weapons
 e - a +0 whip (weapon)
Armour
 a - a +0 robe (worn)
Jewellery
 c - a ring of poison resistance (right hand)
 j - a +4 ring of slaying (left hand)
Wands
 d - a wand of charming (10)
Scrolls
 f - a scroll of poison {unknown}
 g - a scroll of noise
 l - 2 scrolls of teleportation {unknown}
 n - a scroll of torment {unknown}
 o - 2 scrolls of amnesia {unknown}
 p - 2 scrolls of identify {unknown}
Potions
 h - a potion of flight {unknown}
 i - a potion of lignification {unknown}
 k - a potion of haste {unknown}
 m - a potion of curing {unknown}
 r - a potion of mutation {unknown}


   Skills:
 - Level 0.4 Fighting
 + Level 5.3 Maces & Flails
 - Level 2.8 Dodging
 - Level 1.4 Stealth
 - Level 5.0 Spellcasting
 - Level 6.0 Conjurations
 - Level 6.0 Fire Magic


You had 10 spell levels left.
You knew the following spells:

 Your Spells              Type           Power      Damage    Failure   Level
a - Foxfire               Conj/Fire      100%       2x1d9     1%          1
b - Scorch                Fire           54%        2d7       1%          2
c - Flame Wave            Conj/Fire      27%        2d9       11%         4

Your spell library contained the following spells:

 Spells                   Type           Power      Damage    Failure   Level
 Inner Flame              Hex/Fire       16%        N/A       11%         3
 Volatile Blastmotes      Fire/Tloc      32%        2d12      11%         3
 Summon Small Mammal      Summ           16%        N/A       12%         1
 Call Canine Familiar     Summ           4%         N/A       36%         3
 Portal Projectile        Hex/Tloc       8%         N/A       36%         3
 Summon Guardian Golem    Hex/Summ       4%         N/A       36%         3
 Tukima's Dance           Hex            4%         N/A       36%         3
 Blade Hands              Tmut           2%         N/A       98%         5


Dungeon Overview and Level Annotations

Branches:
Dungeon (5/15) Zot: 1855
 Temple: D:4-7

Altars:

Annotations:
D:5 Blork the orc, Duvessa


Innate Abilities, Weirdness & Mutations

You passively map a small area around you.
You are easily found by Zot.
You glow in the dark.
You regain HP and MP as you explore.


Message History

Duvessa burns you. Dowan hits you with a +0 dagger.
* * * LOW HITPOINT WARNING * * *
A phantom comes into view.
A wave of flame ripples out!
The flame wave engulfs Dowan!
You kill Dowan!
Duvessa weeps, and shakes her weapon.
Duvessa goes berserk!
The flame wave engulfs Duvessa!
Duvessa is severely wounded.
The flame wave engulfs Blork the orc!
Blork the orc is heavily wounded.
Blork the orc curses to no one in particular.
The grasping roots constrict you.
* * * LOW HITPOINT WARNING * * *
Duvessa hits you with a +2 short sword of flaming.
* * * LOW HITPOINT WARNING * * *
Duvessa burns you.
* * * LOW HITPOINT WARNING * * *
Blork the orc hits you with a +0 dire flail.
* * * LOW HITPOINT WARNING * * *
The grasping roots constrict you.
* * * LOW HITPOINT WARNING * * *
The grasping roots release their grip on you.
Your Maces & Flails skill increases to level 5!
You feel much better. Duvessa closely misses you.
Blork the orc zaps a wand.
The roots erupt in riotous growth!
The grasping roots grab you!
Blork the orc is unaffected.
Duvessa is unaffected.
The grasping roots constrict you.
Duvessa hits you with a +2 short sword of flaming.
Duvessa burns you.
As you read the scroll labelled CATWEI BIHU, it crumbles to dust.
You hear a loud clanging noise!
It was a scroll of noise.
You hear a bark!
Blork the orc hits you with a +0 dire flail!
* * * LOW HITPOINT WARNING * * *
The grasping roots constrict you.
* * * LOW HITPOINT WARNING * * *
Duvessa hits you with a +2 short sword of flaming!
You die...

###################
#e@................
#o#################
#W * #' , ,,,, .. ,
, *.),, , * ####
#.. , ,,,, ###...
#..,, * ##..... , ,
,##...###


You could see Duvessa (berserk), Blork the orc (fast) and a phantom.

Vanquished Creatures
  Grinder (D:4)
  3 ogres (D:5)
  2 scorpions (D:5)
  Dowan (D:5)
  A sleepcap (D:5)
  A jelly (D:5)
  2 iguanas (D:5)
  4 gnolls (D:5)
  4 adders (D:5)
  A dart slug (D:1)
  4 orcs (D:5)
  2 ball pythons
  2 bats
  4 endoplasms
  4 goblins
  2 hobgoblins
  2 jackals (D:5)
  A kobold (D:2)
  2 quokkas (D:1)
  A frilled lizard (D:1)
  A rat (D:1)
45 creatures vanquished.

Vanquished Creatures (others)
  72 foxfires
72 creatures vanquished.

Grand Total: 117 creatures vanquished

Notes
Turn   | Place    | Note
-------+----------+-------------------------------------------
     0 | D:1      | hawla the Meteoran Fire Elementalist began the quest for
                  | the Orb.
     0 | D:1      | Reached XP level 1. HP: 14/14 MP: 5/5
    39 | D:1      | Reached XP level 2. HP: 20/20 MP: 4/6
    47 | D:1      | Learned a level 2 spell: Scorch
   225 | D:2      | Reached XP level 3. HP: 25/26 MP: 6/8
   396 | D:3      | You fall into a shaft and drop 1 floor!
   451 | D:4      | Noticed Grinder
   451 | D:4      | Paralysed by Grinder for 4 turns
   460 | D:4      | Paralysed by Grinder for 3 turns
   464 | D:4      | Killed Grinder
   465 | D:4      | Reached skill level 5 in Spellcasting
   465 | D:4      | Reached XP level 4. HP: 8/34 MP: 0/12
   465 | D:4      | Reached XP level 5. HP: 10/39 MP: 0/13
   465 | D:4      | Reached XP level 6. HP: 12/46 MP: 0/14
   470 | D:4      | Learned a level 4 spell: Flame Wave
   674 | D:4      | HP: 2/42 [wight/+0 war axe (8)]
   675 | D:4      | Noticed an ice beast
   685 | D:5      | Entered Level 5 of the Dungeon
   750 | D:5      | Reached XP level 7. HP: 20/51 MP: 1/15
   820 | D:5      | Reached skill level 5 in Conjurations
   922 | D:5      | Reached skill level 1 in Maces & Flails
   948 | D:5      | Reached XP level 8. HP: 51/58 MP: 9/16
  1121 | D:5      | Noticed Duvessa
  1121 | D:5      | Noticed Dowan
  1122 | D:5      | Noticed Blork the orc
  1132 | D:5      | Killed Dowan
  1133 | D:5      | Reached skill level 5 in Maces & Flails
  1134 | D:5      | Slain by Duvessa

Illustrated notes

Levels and vault maps discovered:
D:1:      tarquinn_simple_flora_water_f, layout_rooms, basic_ecumenical_altar,
          grunt_decor_junction
D:2:      layout_basic
D:3:      layout_basic, led_sif_pool, minmay_misc_feat_chi,
          minmay_misc_feat_five
D:4:      minmay_diamond_boxcup, layout_gridville, hangedman_decor_peaks_small,
          uniq_edmund, uniq_grinder
D:5:      layout_basic, minmay_puff, uniq_duvessa, uniq_blork_the_orc

Skill      XL: |  1  2  3  4  5  6  7  8 |
---------------+-------------------------+-----
Fire Magic     | 4 6 |  6.0
Spellcasting   | 3 5 |  5.0
Conjurations   | 3 6 |  6.0
Maces & Flails | 1 5 |  5.3
Fighting       | |  0.4
Dodging        | |  2.8
Stealth        | |  1.4

Action                     |  1- 3 |  4- 6 |  7- 9 || total
---------------------------+-------+-------+-------++-------
  Melee: Unarmed           |     9 |       |       ||     9
         Whip              |       |     3 |       ||     3
   Cast: Foxfire           |    21 |    12 |     6 ||    39
         Scorch            |    10 |    12 |    18 ||    40
         Flame Wave        |       |       |     6 ||     6
    Use: Scroll            |     1 |       |     1 ||     2
         Potion            |       |     2 |     3 ||     5
 Armour: Robe              |     2 |     2 |       ||     4
  Dodge: Dodged            |     5 |    12 |     8 ||    25
